 Dungeon Crawl Stone Soup version 0.22.1-2-g9c5b331383 (webtiles) character file.

30608 Ihlosi the Nimble (level 13, -22/85 HPs)
             Began as a Kobold Gladiator on Dec 8, 2018.
             Was a High Priest of Kikubaaqudgha.
             Annihilated by Rupert
             ... wielding a +2 great mace of protection
              (39 damage)
             ... on level 5 of the Lair of Beasts on Dec 9, 2018.
             The game lasted 01:09:40 (20968 turns).

Ihlosi the Nimble (Kobold Gladiator)               Turns: 20968, Time: 01:09:40

Health: -22/85     AC: 14    Str: 15    XL:     13   Next: 90%
Magic:  21/21      EV: 24    Int: 10    God:    Kikubaaqudgha [*****.]
Gold:   615        SH:  0    Dex: 17    Spells: 13/23 levels left

rFire    . . .     SeeInvis +   a - +0 scimitar
rCold    . . .     Gourm    .   (shield restricted)
rNeg     . . .     Faith    .   E - +0 steam dragon scales
rPois    .         Spirit   .   c - +0 helmet
rElec    .         Reflect  .   I - +2 cloak
rCorr    .         Harm     .   H - +0 pair of gloves
MR       .....                  v - +1 pair of boots
Stlth    ++++......             r - amulet of rage
HPRegen  0.24/turn              z - ring of see invisible
MPRegen  0.17/turn              (no ring)

@: berserk cooldown, slowed, very slow
A: small, carnivore
a: Receive Corpses, Torment, Renounce Religion, Evoke Berserk Rage


You were on level 5 of the Lair of Beasts.
You worshipped Kikubaaqudgha.
Kikubaaqudgha was extremely pleased with you.
You were full.

You visited 3 branches of the dungeon, and saw 16 of its levels.
You also visited: Volcano.

You collected 920 gold pieces.
You spent 305 gold pieces at shops.

Inventory:

Hand Weapons
 a - a +0 scimitar (weapon)
 b - a +4 rapier of draining
 M - a +0 hand crossbow
 N - a +1 quick blade of flaming
 W - a +1 falchion of holy wrath
Missiles
 d - a throwing net (quivered)
 s - 86 bolts
Armour
 c - a +0 helmet (worn)
 q - a +0 ring mail of fire resistance
 v - a +1 pair of boots (worn)
 E - +0 steam dragon scales (worn)
 H - a +0 pair of gloves (worn)
 I - a +2 cloak (worn)
Jewellery
 m - an uncursed ring of ice
 r - an amulet of rage (around neck)
 y - the ring "Nyixzumo" {Ice MP+9}
   (You found it on level 4 of the Lair of Beasts)

   [ring of ice]

   It enhances your ice magic.
   It makes you vulnerable to fire.
   It protects you from cold.
   It affects your magic capacity (+9).
 z - a ring of see invisible (left hand)
Wands
 e - a wand of polymorph (8)
 g - a wand of acid (6)
 j - a wand of enslavement (20)
 u - a wand of random effects (59)
Scrolls
 k - a scroll of holy word
 n - 2 scrolls of amnesia
 t - 7 scrolls of identify
 C - 2 scrolls of enchant weapon
 D - 9 scrolls of remove curse
 K - 3 scrolls of fog
 P - 2 scrolls of immolation
 R - a scroll of teleportation
 T - a scroll of enchant armour
Potions
 h - a potion of curing
 i - a potion of invisibility
 l - 3 potions of brilliance
 o - 4 potions of mutation
 p - a potion of heal wounds
 w - 2 potions of flight
 A - a potion of resistance
 G - 3 potions of haste
 J - a potion of agility
 O - a potion of might
 S - 2 potions of cancellation
 Z - a potion of berserk rage
Miscellaneous
 x - a lamp of fire
Comestibles
 f - 25 rations


   Skills:
 * Level 11.9 Fighting
 * Level 8.6 Long Blades
 * Level 3.1 Crossbows
 - Level 2.1 Throwing
 - Level 6.0 Armour
 - Level 12.0 Dodging
 * Level 8.8 Stealth
 * Level 5.6 Spellcasting
 * Level 5.7 Necromancy
 * Level 8.4 Evocations


You had 13 spell levels left.
You knew the following spells:

 Your Spells              Type           Power        Failure   Level  Hunger
a - Animate Skeleton      Necr           N/A          1%          1    None
b - Animate Dead          Necr           N/A          21%         4    ####...
c - Dispel Undead         Necr           ##......     50%         5    ######.

Your spell library contained the following spells:

 Spells                   Type           Power        Failure   Level  Hunger
 Pain                     Necr           ##..         1%          1    None
 Sublimation of Blood     Necr           ##........   3%          2    ##.....
 Regeneration             Chrm/Necr      #.........   21%         3    ###....
 Infusion                 Chrm           #...         22%         1    None
 Shock                    Conj/Air       #...         22%         1    None
 Sting                    Conj/Pois      #...         22%         1    None
 Poisonous Vapours        Pois/Air       #.....       32%         2    ##.....
 Shroud of Golubria       Chrm/Tloc      #.........   32%         2    ##.....
 Song of Slaying          Chrm           #.......     32%         2    ##.....
 Swiftness                Chrm/Air       #.......     32%         2    ##.....
 Agony                    Necr           ##......     50%         5    ######.
 Mephitic Cloud           Conj/Pois/Air  #.......     54%         3    ###....
 Spectral Weapon          Hex/Chrm       #.......     54%         3    ###....
 Static Discharge         Conj/Air       #.......     54%         3    ###....
 Borgnjor's Vile Clutch   Necr/Erth      #.........   88%         5    ######.
 Airstrike                Air            #.........   91%         4    ####...
 Olgreb's Toxic Radiance  Pois           #.......     91%         4    ####...
 Lightning Bolt           Conj/Air       #.........   99%         5    ######.
 Venom Bolt               Conj/Pois      #.........   99%         5    ######.
 Simulacrum               Ice/Necr       #.........   100%        6    #######


Dungeon Overview and Level Annotations

Branches:
Dungeon (10/15)            Temple (1/1) D:7            Lair (5/6) D:10
 Shoals (0/4) Lair:3       Spider (0/4) Lair:3          Orc (0/2) D:10
  Slime: Lair:5-6

Altars:
Ashenzari
Cheibriados
Dithmenos
Elyvilon
Fedhas
Gozag
Hepliaklqana
Kikubaaqudgha
Makhleb
Nemelex Xobeh
Okawaru
Qazlal
Ru
Sif Muna
Trog
Uskayaw
Vehumet
Wu Jian
Xom
Yredelemnul
Zin
The Shining One
Lugonu

Shops:
D:5 [   D:7 *([(

Annotations:
D:8 exclusion: 2 slime creatures
Lair:5 Rupert


Innate Abilities, Weirdness & Mutations

You are small and have problems with some larger weapons.
You are carnivorous and can eat meat at any time.


Message History

Okay, then.
You feel much better. Rupert closely misses you.
Okay, then.
Press: ? - help, v - describe, . - travel The floor, spattered with blood.
Unknown command.
Okay, then.
Casting: Animate Skeleton (safe; 1% risk of failure)
Confirm with . or Enter, or press ? or * to list all spells.
Okay, then.
Unknown command.
Casting: Animate Skeleton (safe; 1% risk of failure)
Confirm with . or Enter, or press ? or * to list all spells.
Okay, then.
You feel much better.
Rupert hits you with a great mace of protection!!
* * * LOW HITPOINT WARNING * * *
Rupert hits you with a great mace of protection!!!
You die...
Kikubaaqudgha rasps: "You have failed me!
Welcome... death!"

#...... ........# ##.....
........# #.#....
........# ##.....
........### #.#....
..........# ##.....
...........# ######......
........@..###.#P.P......
........@.# #.#..........
..........###............
#..........#.............
......P...#..............
.........................
.........................
........................P
......................###
....................###


You could see Rupert (berserk).

Vanquished Creatures
  2 hydras
  A two-headed ogre (D:9)
  4 death yaks
  A sun demon (Volcano)
  An orc sorcerer (Volcano)
  2 ugly things (Volcano)
  A manticore (Lair:3)
  5 black mambas
  A molten gargoyle (Volcano)
  5 gargoyles
  3 spiny frogs (Lair:3)
  2 rime drakes
  2 komodo dragons
  A polar bear (Lair:2)
  A red devil (Volcano)
  A troll (D:9)
  5 jumping spiders (Lair:2)
  2 hornets (D:9)
  A queen bee (Lair:3)
  A blink frog (Lair:3)
  11 hippogriffs
  A snapping turtle (Lair:2)
  Sigmund (D:4)
  3 wyverns
  Eustachio (D:5)
  2 fire bats (Volcano)
  A basilisk (Lair:3)
  2 steam dragons
  29 yaks
  A hungry ghost (D:8)
  Menkaure (D:4)
  Edmund (D:6)
  7 water moccasins
  A soldier ant (D:10)
  Duvessa (D:5)
  A hell hound (Volcano)
  A porcupine (Lair:2)
  2 orc warriors
  2 sky beasts
  A hornet zombie (D:8)
  3 ice beasts
  A swamp drake (D:9)
  A black bear (D:6)
  3 phantoms
  5 ogres
  4 crocodiles
  2 wolves
  4 centaurs
  A big kobold (D:7)
  12 bullfrogs
  Blork the orc (D:4)
  A wyvern zombie (D:10)
  A water moccasin zombie (D:5)
  3 scorpions
  29 killer bees
  3 howler monkeys
  4 crimson imps
  3 lava snakes (Volcano)
  2 quasits
  6 jellies
  A bullfrog zombie (D:7)
  2 hounds
  5 orc priests
  8 orc wizards
  A bullfrog skeleton (D:5)
  An iguana (D:4)
  Ijyb (D:3)
  9 worker ants
  A hell rat (Lair:3)
  A hound skeleton (D:4)
  A howler monkey zombie (D:5)
  A worker ant zombie (D:7)
  Robin (D:4)
  A howler monkey skeleton (D:9)
  8 gnolls
  14 adders
  A river rat (D:9)
  3 shadow imps
  3 oozes
  2 worms
  3 adder skeletons
  2 dart slugs
  3 leopard geckos
  45 orcs
  2 ball pythons
  7 giant cockroaches
  8 goblins
  6 hobgoblins
  9 jackals
  6 quokkas
  A ball python zombie (D:5)
  5 bats
  4 frilled lizards
  2 jackal zombies (D:6)
  10 kobolds
  A quokka skeleton (D:9)
  5 rats
  A butterfly (D:6)
  A plant (Lair:2)
387 creatures vanquished.

Vanquished Creatures (collateral kills)
  A hippogriff (Lair:3)
  A basilisk (Lair:3)
  3 yaks (Lair:4)
  2 killer bees (Lair:3)
  5 orcs (D:10)
12 creatures vanquished.

Vanquished Creatures (others)
  An orc warrior (D:10)
  10 fungi
  8 plants
19 creatures vanquished.

Grand Total: 418 creatures vanquished

Notes
Turn   | Place    | Note
-------+----------+-------------------------------------------
     0 | D:1      | Ihlosi the Kobold Gladiator began the quest for the Orb.
     0 | D:1      | Reached XP level 1. HP: 12/12 MP: 1/1
   112 | D:1      | Reached XP level 2. HP: 17/17 MP: 2/2
   231 | D:1      | Reached skill level 1 in Stealth
   409 | D:1      | Reached skill level 4 in Dodging
   413 | D:1      | Reached XP level 3. HP: 18/22 MP: 3/3
  1165 | D:2      | Reached skill level 1 in Armour
  1191 | D:2      | Reached XP level 4. HP: 25/27 MP: 4/4
  1768 | D:3      | Noticed Ijyb
  1794 | D:3      | Killed Ijyb
  2170 | D:3      | Reached XP level 5. HP: 22/32 MP: 5/5
  2758 | D:3      | Found a shattered altar of Ashenzari.
  3188 | D:4      | Noticed Blork the orc
  3254 | D:4      | Noticed an ogre
  3481 | D:4      | Reached XP level 6. HP: 32/37 MP: 6/6
  3536 | D:4      | Noticed Sigmund
  3541 | D:5      | Entered Level 5 of the Dungeon
  3542 | D:5      | Noticed Eustachio
  3843 | D:5      | Found Faesuun's Armour Shop.
  3846 | D:5      | Bought a +0 cloak for 58 gold pieces
  3857 | D:5      | Found a glowing golden altar of the Shining One.
  3916 | D:5      | Noticed Grinder
  3962 | D:5      | Paralysed by Grinder for 7 turns
  3973 | D:5      | Noticed Grinder
  3973 | D:5      | Grinder changed into Grinder the quasit
  3981 | D:5      | Killed Grinder the quasit
  4146 | D:5      | Found a glowing silver altar of Zin.
  4146 | D:5      | Found a shadowy altar of Dithmenos.
  4153 | D:5      | Found a sparkling altar of Nemelex Xobeh.
  4155 | D:5      | Found a stormy altar of Qazlal.
  4157 | D:5      | Found a sacrificial altar of Ru.
  4347 | D:5      | Reached XP level 7. HP: 24/41 MP: 7/7
  4481 | D:5      | Noticed Duvessa
  4481 | D:5      | Noticed Dowan
  4506 | D:5      | Killed Duvessa
  4512 | D:5      | Noticed Dowan
  4512 | D:5      | Dowan changed into Dowan the ooze
  4512 | D:5      | Killed Dowan the ooze
  4719 | D:4      | Noticed Robin
  4743 | D:4      | Killed Robin
  4826 | D:4      | Found a snail-covered altar of Cheibriados.
  4860 | D:4      | Noticed Menkaure
  5385 | D:5      | Reached skill level 5 in Dodging
  5385 | D:5      | Reached XP level 8. HP: 43/48 MP: 8/8
  5446 | D:5      | Killed Eustachio
  5446 | D:5      | Reached skill level 5 in Long Blades
  5446 | D:5      | Reached skill level 5 in Stealth
  6060 | D:6      | Reached skill level 5 in Fighting
  6110 | D:6      | Reached skill level 6 in Dodging
  6118 | D:6      | Reached XP level 9. HP: 43/54 MP: 9/9
  6296 | D:6      | Found an iron altar of Okawaru.
  6321 | D:6      | Found a white marble altar of Elyvilon.
  6367 | D:6      | Found a shimmering altar of Xom.
  6538 | D:6      | Found a glowing golden altar of the Shining One.
  6695 | D:6      | Noticed Edmund
  6708 | D:6      | Killed Edmund
  6708 | D:6      | Reached skill level 1 in Evocations
  6943 | D:6      | You fall through a shaft!
  7104 | D:7      | Found a staircase to the Ecumenical Temple.
  7202 | Temple   | Entered the Ecumenical Temple
  7239 | Temple   | Became a worshipper of Kikubaaqudgha
  7392 | D:7      | Found Qagg's Antique Armour Shoppe.
  7393 | D:7      | Found Areoz's General Store.
  7393 | D:7      | Found Emnum's Antique Weapon Shoppe.
  7404 | D:7      | Found Usot's Antique Weapon Shoppe.
  7727 | D:4      | Killed Blork the orc
  7845 | D:4      | Found a blossoming altar of Fedhas.
  7872 | D:4      | Killed Menkaure
  7872 | D:4      | Reached XP level 10. HP: 64/64 MP: 12/12
  8055 | D:4      | Reached skill level 1 in Spellcasting
  8055 | D:4      | Reached skill level 1 in Necromancy
  8227 | D:4      | Found a blossoming altar of Fedhas.
  8324 | D:4      | Found a snail-covered altar of Cheibriados.
  8347 | D:4      | Killed Sigmund
  8924 | D:7      | Found a deep blue altar of Sif Muna.
  8984 | D:7      | Found an opulent altar of Gozag.
  9243 | D:7      | Noticed a gargoyle
  9255 | D:7      | Killed a gargoyle
  9255 | D:7      | Reached skill level 7 in Dodging
  9264 | D:7      | Noticed a gargoyle
  9409 | D:7      | Killed a gargoyle
  9546 | D:7      | Noticed a gargoyle
  9547 | D:7      | Noticed a gargoyle
  9554 | D:7      | Killed a gargoyle
  9562 | D:7      | Killed a gargoyle
 10367 | D:8      | Reached * piety under Kikubaaqudgha
 10367 | D:8      | Identified Kikubaaqudgha's Guide on Stolen Souls
                  | (Kikubaaqudgha gifted it to you on level 8 of the Dungeon)
 10367 | D:8      | Received a gift from Kikubaaqudgha
 10371 | D:8      | Learned a level 1 spell: Animate Skeleton
 11280 | D:9      | Reached XP level 11. HP: 48/71 MP: 15/15
 11486 | D:9      | Found a hide-covered altar of Uskayaw.
 11608 | D:9      | Noticed a two-headed ogre
 11621 | D:9      | Killed a two-headed ogre
 11621 | D:9      | Reached skill level 5 in Evocations
 11845 | D:9      | Reached skill level 8 in Dodging
 11865 | D:9      | Found a hazy altar of Hepliaklqana.
 11927 | D:9      | Paralysed by a hornet for 3 turns
 12120 | D:10     | Entered Level 10 of the Dungeon
 12120 | D:10     | Noticed a death yak
 12121 | D:10     | Noticed a death yak
 12424 | D:10     | Noticed an eight-headed hydra
 12432 | D:10     | Killed an eight-headed hydra
 12458 | D:10     | Reached ** piety under Kikubaaqudgha
 12487 | D:10     | Found a staircase to the Orcish Mines.
 12989 | D:10     | Reached skill level 10 in Fighting
 13060 | D:9      | Killed a death yak
 13060 | D:9      | Reached skill level 9 in Dodging
 13248 | D:7      | Bought a pair of glowing boots for 247 gold pieces
 13385 | D:10     | Noticed a death yak
 13406 | D:10     | Killed a death yak
 13420 | D:10     | Killed a death yak
 13420 | D:10     | Reached XP level 12. HP: 41/77 MP: 17/17
 13450 | D:10     | Reached *** piety under Kikubaaqudgha
 13450 | D:10     | Identified Kikubaaqudgha's Compendium of Unholy Magic
                  | (Kikubaaqudgha gifted it to you on level 10 of the Dungeon)
 13450 | D:10     | Received a gift from Kikubaaqudgha
 13466 | D:10     | Learned a level 4 spell: Animate Dead
 13472 | D:10     | Learned a level 5 spell: Dispel Undead
 13503 | D:10     | Reached skill level 5 in Armour
 13508 | D:10     | Found a staircase to the Lair.
 13676 | Lair:1   | Entered Level 1 of the Lair of Beasts
 13742 | Lair:1   | Found a dark tunnel.
 13761 | Volcano  | Entered a volcano
 14032 | Volcano  | Reached skill level 10 in Dodging
 14204 | Volcano  | Found a radiant altar of Vehumet.
 14204 | Volcano  | Noticed a sun demon
 14221 | Volcano  | Killed a sun demon
 16139 | Lair:2   | Got a sparkling graven amulet
 16141 | Lair:2   | Identified the amulet of Teosuan {Faith rElec rPois Dex-3}
                  | (You found it on level 2 of the Lair of Beasts)
 16207 | Lair:2   | Reached skill level 11 in Dodging
 16848 | Lair:2   | Reached XP level 13. HP: 56/84 MP: 19/19
 17389 | Lair:3   | Noticed a seven-headed hydra
 17424 | Lair:2   | Reached skill level 5 in Necromancy
 17494 | Lair:3   | Killed a seven-headed hydra
 17494 | Lair:3   | Reached skill level 1 in Crossbows
 17505 | Lair:3   | Reached **** piety under Kikubaaqudgha
 17807 | Lair:3   | Got a crude trident
 18118 | Lair:3   | Reached skill level 12 in Dodging
 18118 | Lair:3   | Reached skill level 5 in Spellcasting
 18769 | Lair:3   | Found a hole to the Spider Nest.
 19018 | Lair:3   | Found a staircase to the Shoals.
 19179 | Lair:2   | Identified the +3 trident "Wiqixux" {flame, Str+5} (You
                  | found it on level 3 of the Lair of Beasts)
 19568 | Lair:4   | Got a crude platinum ring
 19571 | Lair:4   | Identified the ring "Nyixzumo" {Ice MP+9} (You found it on
                  | level 4 of the Lair of Beasts)
 20190 | Lair:4   | Reached ***** piety under Kikubaaqudgha
 20944 | Lair:5   | Noticed Rupert
 20966 | Lair:5   | HP: 4/85 [Rupert/great mace of protection (3)]
 20968 | Lair:5   | Annihilated by Rupert

Skill      XL: |  1  2  3  4  5  6  7  8  9 10 11 12 13 |
---------------+----------------------------------------+-----
Stealth        | 1 2 3 4 5 6 7 8 |  8.8
Dodging        | 4 5 6 7 9 11 12 | 12.0
Armour         | 1 2 3 4 5 6 |  6.0
Long Blades    | 3 4 5 6 7 8 |  8.6
Fighting       | 3 4 5 8 9 10 11 | 11.9
Evocations     | 3 4 6 7 8 |  8.4
Spellcasting   | 2 3 4 5 |  5.6
Necromancy     | 2 3 4 5 |  5.7
Crossbows      | 3 |  3.1
Throwing       | |  2.1

Action                   |  1- 3 |  4- 6 |  7- 9 | 10-12 | 13-15 || total
-------------------------+-------+-------+-------+-------+-------++-------
Melee: Long sword        |    74 |   175 |   137 |   279 |     7 ||   672
       Unarmed           |       |    12 |       |       |       ||    12
       Rapier            |       |       |   272 |   365 |   456 ||  1093
       Short sword       |       |       |       |     4 |       ||     4
       Quick blade       |       |       |       |    10 |       ||    10
       Scimitar          |       |       |       |       |    34 ||    34
Throw: Throwing net      |       |       |     2 |     4 |       ||     6
 Cast: Animate Skeleton  |       |       |       |     1 |    20 ||    21
 Abil: Evoke Berserk Rag |       |       |     3 |     9 |     5 ||    17
Evoke: Wand              |       |     4 |     5 |    13 |       ||    22
       Lamp of fire      |       |       |       |     1 |       ||     1
  Use: Potion            |       |     1 |     6 |    11 |     2 ||    20
       Scroll            |       |    11 |     4 |     9 |     6 ||    30
 Stab: Sleeping          |     1 |    10 |    12 |    19 |     3 ||    45
       Held in net/web   |       |       |     1 |     4 |       ||     5
       Confused          |       |       |       |     1 |       ||     1
       Distracted        |       |       |       |     2 |     2 ||     4
  Eat: Chunk             |     4 |    11 |    18 |    36 |    16 ||    85
       Ration            |       |       |       |     2 |       ||     2
Armor: Leather armour    |    15 |    29 |    76 |    54 |       ||   174
       Skin              |       |     7 |   109 |       |       ||   116
       Steam dragon scal |       |       |       |    64 |    94 ||   158
       Ring mail         |       |       |       |    15 |       ||    15
Dodge: Dodged            |    74 |   145 |   324 |   612 |   507 ||  1662
       Rpst.: Long sword |    28 |    49 |    42 |    78 |     9 ||   206
       Scimitar          |       |       |       |       |     5 ||     5
